 Dungeon Crawl Stone Soup version 0.21.0-22-g11d5b52 (webtiles) character file.

128 Sharkov the Insei (level 4, -7/35 HPs)
             Began as a Demonspawn Monk on Jan 18, 2018.
             Killed by nerve-wracking pain
             ... invoked by an orc priest
              (11 damage)
             ... on level 3 of the Dungeon.
             The game lasted 00:04:03 (1430 turns).

Sharkov the Insei (Demonspawn Monk)                 Turns: 1430, Time: 00:04:04

Health: -7/35      AC:  4    Str: 12    XL:     4   Next: 87%
Magic:  4/4        EV: 13    Int: 11    God:
Gold:   67         SH:  0    Dex: 16    Spells: 3/3 levels left

rFire    . . .     SeeInvis .   g - +2 morningstar (venom)
rCold    . . .     Gourm    .   (no shield)
rNeg     . . .     Faith    .   a - +0 robe
rPois    .         Spirit   .   (no helmet)
rElec    .         Reflect  .   (no cloak)
rCorr    .         Harm     .   (no gloves)
MR       .....                  (no boots)
Stlth    ++........             (no amulet)
HPRegen  0.11/turn              (no ring)
MPRegen  0.09/turn              (no ring)

@: no status effects
A: hooves 1, slimy green scales 1
a: no special abilities


You were on level 3 of the Dungeon.
You were not hungry.

You visited 1 branch of the dungeon, and saw 3 of its levels.

You collected 67 gold pieces.

Inventory:

Hand Weapons
 e - a +0 dagger
 g - a +2 morningstar of venom (weapon)
Armour
 a - a +0 robe (worn)
Scrolls
 d - a scroll of fear {unknown}
 f - a scroll of remove curse {unknown}
 k - 2 scrolls of teleportation {unknown}
Potions
 c - a potion of lignification
Comestibles
 b - 6 rations
 h - 2 chunks of flesh


   Skills:
 * Level 3.0 Fighting
 - Level 2.6 Dodging
 - Level 1.7 Stealth
 + Level 5.1 Unarmed Combat


You had 3 spell levels left.
You didn't know any spells.

Dungeon Overview and Level Annotations

Branches:
Dungeon (3/15)

Altars:


Innate Abilities, Weirdness & Mutations

You have large cloven feet.
You are partially covered in slimy green scales. (AC +2)


Message History

You punch the orc.
You kill the orc!
The orc hits you.
You barely miss the orc. The orc closely misses you.
You puncture the orc!
The orc is poisoned.
The orc is almost dead.
You kill the orc!
The orc priest mumbles some strange prayers to Beogh against you.
Pain shoots through your body!
You barely miss the orc priest. The orc priest closely misses you.
You barely miss the orc priest.
The orc priest calls down the wrath of Beogh upon you.
Beogh smites you!
* * * LOW HITPOINT WARNING * * *
The orc priest casts a cantrip, but nothing happens.
You sock the orc priest! Your kick misses the orc priest.
The orc priest is almost dead.
The orc priest invokes the aid of Beogh against you.
Pain shoots through your body!
You die...

.# ## #.###.
##.#..#########..#
#.....#.o@........
........#######..#
.......)....$..
..............!
........#######
........#######
#......<.......
##...##########
####


You could see an orc priest.

Vanquished Creatures
  Jessica (D:2)
  Terence (D:2)
  2 adders (D:2)
  2 oozes (D:1)
  A worm (D:2)
  A dart slug (D:2)
  A leopard gecko (D:1)
  3 orcs (D:3)
  5 bats
  7 goblins
  4 hobgoblins
  5 kobolds
  3 frilled lizards
  7 rats
43 creatures vanquished.

Notes
Turn   | Place    | Note
-------+----------+-------------------------------------------
     0 | D:1      | Sharkov the Demonspawn Monk began the quest for the Orb.
     0 | D:1      | Reached XP level 1. HP: 18/18 MP: 1/1
    79 | D:1      | Reached skill level 3 in Unarmed Combat
   204 | D:1      | Gained mutation: You have large cloven feet. [demonic ancestry]
   204 | D:1      | Reached XP level 2. HP: 18/24 MP: 2/2
   632 | D:1      | Gained mutation: You are partially covered in slimy green scales. (AC +2) [demonic ancestry]
   632 | D:1      | Reached XP level 3. HP: 27/29 MP: 3/3
   750 | D:2      | Noticed Jessica
   761 | D:2      | Noticed Terence
   767 | D:2      | Killed Jessica
   767 | D:2      | Reached skill level 4 in Unarmed Combat
   789 | D:2      | Killed Terence
   789 | D:2      | Reached XP level 4. HP: 35/35 MP: 4/4
  1301 | D:2      | Reached skill level 5 in Unarmed Combat
  1430 | D:3      | Killed from afar by an orc priest

Skill      XL: |  1  2  3  4 |
---------------+-------------+-----
Unarmed Combat | 3 4 5 |  5.1
Fighting       | |  3.0
Dodging        | |  2.6
Stealth        | |  1.7

Action                   |  1- 3 |  4- 6 || total
-------------------------+-------+-------++-------
Melee: Unarmed           |    71 |     6 ||    77
       Kick              |     9 |    10 ||    19
       Punch             |     3 |     2 ||     5
       Morningstar       |       |    50 ||    50
  Use: Scroll            |     2 |       ||     2
       Potion            |     4 |     1 ||     5
  Eat: Chunk             |       |     2 ||     2
Armor: Robe              |    16 |    11 ||    27
       Skin              |    18 |     7 ||    25
Dodge: Dodged            |    65 |    50 ||   115
